PL
TOLEDO STINGERS @ BOSTON PATRIOTS
08/07/2034
 
TOP OF THE 1ST
Toledo Stingers batting - Pitching for Boston Patriots : RHP Sam Mooney
Pitching: RHP Sam Mooney
Batting: RHB Alfredo Martínez 0-0: Ball
1-0: Ball
2-0: Called Strike
2-1: Ball
3-1: Called Strike
3-2: Fly out, F9 (Flyball, 9S)
Batting: LHB Francisco Alfaro 0-0: Ball
1-0: Called Strike
1-1: Ball
2-1: Swinging Strike
2-2: Foul Ball, location: 2F
2-2: Ball
3-2: Strikes out looking
Batting: LHB Kyoji Hakoda 0-0: Ball
1-0: Called Strike
1-1: Foul Ball, location: 2F
1-2: Strikes out swinging
Top of the 1st over - 0 runs, 0 hits, 0 errors, 0 left on base; Toledo 0 - Boston 0
BOTTOM OF THE 1ST
Boston Patriots batting - Pitching for Toledo Stingers : LHP Hermenegildo Beliago
Pitching: LHP Hermenegildo Beliago
Batting: RHB Dennis Wacher 0-0: Foul Ball, location: 2F
0-1: Ball
1-1: Ball
2-1: Fly out, F8 (Flyball, 8LXD)
Batting: LHB Manuel Carmona 0-0: Ball
1-0: Ball
2-0: Foul Ball, location: 2F
2-1: SINGLE (Groundball, 4MD)
Batting: LHB Jorge Alejándrez 0-0: Ball
1-0: Called Strike
1-1: Swinging Strike
1-2: Foul Ball, location: 2F
1-2: Ball
2-2: Strikes out swinging
Batting: RHB Francisco Agámez 0-0: Ball
1-0: Fly out, F9 (Flyball, 9LMF)
Bottom of the 1st over - 0 runs, 1 hit, 0 errors, 1 left on base; Toledo 0 - Boston 0
TOP OF THE 2ND
Toledo Stingers batting - Pitching for Boston Patriots : RHP Sam Mooney
Batting: LHB Tural Bishara 0-0: Ball
1-0: Called Strike
1-1: Ground out 6-3 (Groundball, 6)
Batting: SHB Dylan Carson 0-0: Called Strike
0-1: Foul Ball, location: 2F
0-2: Foul Ball, location: 2F
0-2: Ball
1-2: SINGLE (Groundball, 3D)
Batting: RHB Tamasaburo Kato 0-0: Ball
1-0: Called Strike
1-1: Ball
2-1: Ball
3-1: Base on Balls
Dylan Carson to second
Batting: RHB Pedro Álvarez 0-0: Called Strike
0-1: Ball
1-1: Ball
2-1: Ball
3-1: Base on Balls
Dylan Carson to third
Tamasaburo Kato to second
Batting: RHB Manny Bendixen 0-0: Called Strike
0-1: SINGLE (Groundball, 6MD)
Dylan Carson scores
Tamasaburo Kato to third
Pedro Álvarez to second
Batting: RHB Brett Callison 0-0: Grounds into double play, 3-6-4 (Groundball, 34)
Top of the 2nd over - 1 run, 2 hits, 0 errors, 2 left on base; Toledo 1 - Boston 0
BOTTOM OF THE 2ND
Boston Patriots batting - Pitching for Toledo Stingers : LHP Hermenegildo Beliago
Batting: RHB Anselmo Berneu 0-0: Called Strike
0-1: Ball
1-1: Foul Ball, location: 2F
1-2: Fly out, F7 (Flyball, 7LM)
Batting: RHB Roland Deschain 0-0: Ball
1-0: SINGLE (Groundball, 56D)
Batting: RHB Kantaro Taniguchi 0-0: Fly out, F4 (Flyball, 34D)
Batting: RHB Shohei Kiyomizu 0-0: Ball
1-0: Called Strike
1-1: Ball
2-1: Fly out, F8 (Flyball, 8LXD)
Bottom of the 2nd over - 0 runs, 1 hit, 0 errors, 1 left on base; Toledo 1 - Boston 0
TOP OF THE 3RD
Toledo Stingers batting - Pitching for Boston Patriots : RHP Sam Mooney
Batting: RHB Alfredo Martínez 0-0: Swinging Strike
0-1: Ball
1-1: Foul Ball, location: 2F
1-2: Strikes out looking
Batting: LHB Francisco Alfaro 0-0: Ball
1-0: Ball
2-0: Ball
3-0: Base on Balls
Batting: LHB Kyoji Hakoda 0-0: Ball
1-0: Ball
2-0: Foul Ball, location: 2F
2-1: Foul Ball, location: 2F
2-2: Ball
3-2: Fly out, F3 (Line Drive, 3)
Lined into DP, U3 (Line Drive, 3)
Top of the 3rd over - 0 runs, 0 hits, 0 errors, 0 left on base; Toledo 1 - Boston 0
BOTTOM OF THE 3RD
Boston Patriots batting - Pitching for Toledo Stingers : LHP Hermenegildo Beliago
Batting: LHB Juan Alvarado 0-0: Called Strike
0-1: Ground out 4-3 (Groundball, 4D)
Batting: RHB Dennis Wacher 0-0: Called Strike
0-1: Swinging Strike
0-2: Ball
1-2: Foul Ball, location: 2F
1-2: Foul Ball, location: 2F
1-2: Ball
2-2: Strikes out swinging
Batting: LHB Manuel Carmona 0-0: Ball
1-0: SINGLE (Line Drive, 9LS)
Batting: LHB Jorge Alejándrez 0-0: Ball
1-0: Ball
2-0: Called Strike
2-1: Fly out, F7 (Flyball, 7S)
Bottom of the 3rd over - 0 runs, 1 hit, 0 errors, 1 left on base; Toledo 1 - Boston 0
TOP OF THE 4TH
Toledo Stingers batting - Pitching for Boston Patriots : RHP Sam Mooney
Batting: LHB Tural Bishara 0-0: Called Strike
0-1: Ball
1-1: Called Strike
1-2: Strikes out swinging
Batting: SHB Dylan Carson 0-0: Foul Ball, location: 2F
0-1: Foul Ball, location: 2F
0-2: Ball
1-2: Strikes out swinging
Batting: RHB Tamasaburo Kato 0-0: Ball
1-0: Ball
2-0: Swinging Strike
2-1: Called Strike
2-2: Ball
3-2: Fly out, F9 (Flyball, 9S)
Top of the 4th over - 0 runs, 0 hits, 0 errors, 0 left on base; Toledo 1 - Boston 0
BOTTOM OF THE 4TH
Boston Patriots batting - Pitching for Toledo Stingers : LHP Hermenegildo Beliago
Batting: RHB Francisco Agámez 0-0: Ball
1-0: Ball
2-0: Ground out 3-1 (Groundball, 34)
Batting: RHB Anselmo Berneu 0-0: Foul Ball, location: 2F
0-1: Foul Ball, location: 2F
0-2: Strikes out swinging
Batting: RHB Roland Deschain 0-0: Ball
1-0: SINGLE (Line Drive, 6D)
Batting: RHB Kantaro Taniguchi 0-0: Ball
1-0: Ball
2-0: Ball
3-0: Called Strike
3-1: Fly out, F7 (Flyball, 7LM)
Bottom of the 4th over - 0 runs, 1 hit, 0 errors, 1 left on base; Toledo 1 - Boston 0
TOP OF THE 5TH
Toledo Stingers batting - Pitching for Boston Patriots : RHP Sam Mooney
Batting: RHB Pedro Álvarez 0-0: Ball
1-0: Ball
2-0: SINGLE (Line Drive, 34)
Batting: RHB Manny Bendixen 0-0: Ball
1-0: Grounds into double play, 6-4-3 (Groundball, 56)
Batting: RHB Brett Callison 0-0: Called Strike
0-1: Swinging Strike
0-2: Ball
1-2: Ground out 5-3 (Groundball, 56S)
Top of the 5th over - 0 runs, 1 hit, 0 errors, 0 left on base; Toledo 1 - Boston 0
BOTTOM OF THE 5TH
Boston Patriots batting - Pitching for Toledo Stingers : LHP Hermenegildo Beliago
Batting: RHB Shohei Kiyomizu 0-0: Called Strike
0-1: Ball
1-1: Called Strike
1-2: Foul Ball, location: 2F
1-2: Ball
2-2: Fly out, F8 (Flyball, 8RS)
Batting: LHB Juan Alvarado 0-0: Ball
1-0: Foul Ball, location: 2F
1-1: Ball
2-1: Called Strike
2-2: Foul Ball, location: 2F
2-2: Foul Ball, location: 2F
2-2: Ball
3-2: Foul Ball, location: 2F
3-2: Foul Ball, location: 2F
3-2: Base on Balls
Batting: RHB Dennis Wacher 0-0: Ball
1-0: Ball
2-0: Called Strike
2-1: Swinging Strike
2-2: Foul Ball, location: 2F
2-2: Ball
Juan Alvarado steals 2nd base
3-2: Ground out 1-3 (Groundball, 13S)
Juan Alvarado to third
Batting: LHB Manuel Carmona 0-0: Foul Ball, location: 2F
0-1: Called Strike
0-2: Foul Ball, location: 2F
0-2: Strikes out looking
Bottom of the 5th over - 0 runs, 0 hits, 0 errors, 1 left on base; Toledo 1 - Boston 0
TOP OF THE 6TH
Toledo Stingers batting - Pitching for Boston Patriots : RHP Sam Mooney
Pitching: RHP Rick Converse
Batting: RHB Alfredo Martínez 0-0: Ball
1-0: Called Strike
1-1: Ball
2-1: Ball
3-1: Base on Balls
Batting: LHB Francisco Alfaro 0-0: Ball
1-0: Bunt missed!
1-1: Sac Bunt - play at first, batter OUT! 1-4
Alfredo Martínez to second
Batting: LHB Kyoji Hakoda 0-0: Ball
1-0: Foul Ball, location: 2F
1-1: Called Strike
1-2: Foul Ball, location: 2F
1-2: Ball
2-2: Foul Ball, location: 2F
2-2: Fly out, F3 (Line Drive, 3S)
Batting: LHB Tural Bishara 0-0: Swinging Strike
0-1: Swinging Strike
0-2: Ball
1-2: Ball
2-2: Foul Ball, location: 2F
2-2: Foul Ball, location: 2F
2-2: Strikes out swinging
Top of the 6th over - 0 runs, 0 hits, 0 errors, 1 left on base; Toledo 1 - Boston 0
BOTTOM OF THE 6TH
Boston Patriots batting - Pitching for Toledo Stingers : LHP Hermenegildo Beliago
Batting: LHB Jorge Alejándrez 0-0: Foul Ball, location: 2F
0-1: Swinging Strike
0-2: Ground out 4-3 (Groundball, 4)
Batting: RHB Francisco Agámez 0-0: Ground out 5-3 (Groundball, 5L)
Batting: RHB Anselmo Berneu 0-0: Called Strike
0-1: Fly out, F9 (Flyball, 9LS)
Bottom of the 6th over - 0 runs, 0 hits, 0 errors, 0 left on base; Toledo 1 - Boston 0
TOP OF THE 7TH
Toledo Stingers batting - Pitching for Boston Patriots : RHP Rick Converse
Pitching: LHP José Sánchez
Batting: SHB Dylan Carson 0-0: Called Strike
0-1: Ball
1-1: Foul Ball, location: 2F
1-2: Ball
2-2: Strikes out looking
Batting: RHB Tamasaburo Kato 0-0: Ball
1-0: Called Strike
1-1: Ball
2-1: Foul Ball, location: 2F
2-2: Ball
3-2: Base on Balls
Batting: RHB Pedro Álvarez 0-0: Called Strike
0-1: Swinging Strike
0-2: Ball
1-2: Ball
2-2: Ball
3-2: Strikes out looking
Batting: RHB Manny Bendixen 0-0: Called Strike
0-1: Ball
1-1: Foul Ball, location: 2F
1-2: Foul Ball, location: 2F
1-2: Foul Ball, location: 2F
1-2: Ball
2-2: Ball
3-2: Strikes out swinging
Top of the 7th over - 0 runs, 0 hits, 0 errors, 1 left on base; Toledo 1 - Boston 0
BOTTOM OF THE 7TH
Boston Patriots batting - Pitching for Toledo Stingers : LHP Hermenegildo Beliago
Batting: RHB Roland Deschain 0-0: Called Strike
0-1: Called Strike
0-2: Ground out 1-3 (Groundball, 15S)
Batting: RHB Kantaro Taniguchi 0-0: Ball
1-0: Ground out 5-3 (Groundball, 56S)
Batting: RHB Shohei Kiyomizu 0-0: Ball
1-0: Ball
2-0: Ball
3-0: Called Strike
3-1: Base on Balls
Batting: LHB Juan Alvarado 0-0: Fly out, F7 (Flyball, 78S)
Bottom of the 7th over - 0 runs, 0 hits, 0 errors, 1 left on base; Toledo 1 - Boston 0
TOP OF THE 8TH
Toledo Stingers batting - Pitching for Boston Patriots : LHP José Sánchez
Batting: RHB Brett Callison 0-0: Foul Ball, location: 2F
0-1: Ball
1-1: Ball
2-1: Foul Ball, location: 2F
2-2: Ball
3-2: Ground out 4-3 (Groundball, 34)
Batting: RHB Alfredo Martínez 0-0: Ball
1-0: Foul Ball, location: 2F
1-1: TRIPLE (Flyball, 78XD)
Pinch Hitting: SHB Eugene Clutch Balk!
Alfredo Martínez scores
0-0: Foul Ball, location: 2F
0-1: Ball
1-1: Ball
2-1: Foul Ball, location: 2F
2-2: Ground out 3-1 (Groundball, 34)
Batting: LHB Kyoji Hakoda 0-0: Ball
1-0: Ball
2-0: SOLO HOME RUN (Line Drive, 9D), Distance : 377 ft
Pitching: LHP Leo Ingelbrigtsen
Batting: LHB Tural Bishara 0-0: Ball
1-0: Fly out, F5 (Popup, 5F)
Top of the 8th over - 2 runs, 2 hits, 0 errors, 0 left on base; Toledo 3 - Boston 0
BOTTOM OF THE 8TH
Boston Patriots batting - Pitching for Toledo Stingers : LHP Hermenegildo Beliago
Now at SS: Eugene Clutch
Batting: RHB Dennis Wacher 0-0: Ball
1-0: Ground out 6-3 (Groundball, 6)
Batting: LHB Manuel Carmona 0-0: Called Strike
0-1: Ball
1-1: Foul Ball, location: 2F
1-2: Ground out 5-3 (Groundball, 5)
Batting: LHB Jorge Alejándrez 0-0: Ground out 3-1 (Groundball, 34S)
Bottom of the 8th over - 0 runs, 0 hits, 0 errors, 0 left on base; Toledo 3 - Boston 0
TOP OF THE 9TH
Toledo Stingers batting - Pitching for Boston Patriots : LHP Leo Ingelbrigtsen
Batting: SHB Dylan Carson 0-0: Called Strike
0-1: Called Strike
0-2: Ball
1-2: Ball
2-2: Ball
3-2: Base on Balls
Batting: RHB Tamasaburo Kato 0-0: Sac Bunt - play at first, batter OUT! 1-3
Dylan Carson to second
Batting: RHB Pedro Álvarez 0-0: Intentional Walk
Batting: RHB Manny Bendixen 0-0: Ball
1-0: Ball
2-0: Fly out, F8 (Flyball, 8RM)
Batting: RHB Brett Callison 0-0: Ball
1-0: Called Strike
1-1: Foul Ball, location: 2F
1-2: Ball
2-2: Ball
3-2: Foul Ball, location: 2F
3-2: Foul Ball, location: 2F
3-2: Ground out 3-1 (Groundball, 34S)
Top of the 9th over - 0 runs, 0 hits, 0 errors, 2 left on base; Toledo 3 - Boston 0
BOTTOM OF THE 9TH
Boston Patriots batting - Pitching for Toledo Stingers : LHP Hermenegildo Beliago
Batting: RHB Francisco Agámez 0-0: Foul Ball, location: 2F
0-1: Ball
1-1: Foul Ball, location: 2F
1-2: Ball
2-2: Ball
3-2: Strikes out looking
Pitching: LHP Asher Spivey
Batting: RHB Anselmo Berneu 0-0: Swinging Strike
0-1: Swinging Strike
0-2: Ball
1-2: Ball
2-2: Foul Ball, location: 2F
2-2: Strikes out swinging
Batting: RHB Roland Deschain 0-0: Ground out 6-3 (Groundball, 6)
Bottom of the 9th over - 0 runs, 0 hits, 0 errors, 0 left on base; Toledo 3 - Boston 0
Friday, March 29th, 2019 - OOTP Baseball 18.8 Build 76